 Dungeon Crawl Stone Soup version 0.32-a0-475-g46bb8dd (webtiles) character file.

Game seed: 10818241806188320742

36 skewfiend the Chopper (level 3, -8/33 HPs)
             Began as a Mountain Dwarf Fighter on Feb 25, 2024.
             Mangled by Crazy Yiuf
             ... wielding a +3 quarterstaff of chaos
              (10 damage)
             ... on level 2 of the Dungeon.
             The game lasted 00:03:09 (1281 turns).

skewfiend the Chopper (Mountain Dwarf Fighter)      Turns: 1281, Time: 00:03:09

Health: -8/33      AC:  6    Str: 18    XL:     3   Next: 19%
Magic:  3/3        EV:  9    Int:  8    God:
Gold:   102        SH:  5    Dex: 17    Spells: 2/2 levels left

rFire   . . .        a - +0 war axe
rCold   . . .        c - +0 buckler
rNeg    . . .        b - +0 scale mail
rPois   .            (no helmet)
rElec   .            (no cloak)
rCorr   .            (no gloves)
SInv    .            (no boots)
Will    .....        (no amulet) Stlth
                     q - +6 ring of dexterity
HPRegen 0.25/turn    (no ring)
MPRegen 0.08/turn

%: no passive effects
@: mighty
A: runic magic, artefact enchanting
a: no special abilities


You were on level 2 of the Dungeon.
You visited 1 branch of the dungeon, and saw 2 of its levels.

You collected 141 gold pieces.
You spent 39 gold pieces at shops.

Inventory:

Hand Weapons
 a - a +0 war axe (weapon)
 s - a +1 whip of freezing
Missiles
 k - 4 poisoned darts
 m - 8 stones (quivered)
Armour
 b - a +0 scale mail (worn)
 c - a +0 buckler (worn)
Magical Staves
 o - a staff of fire
Jewellery
 q - a +6 ring of dexterity (left hand)
Scrolls
 f - a scroll of poison {unknown}
 g - a scroll of summoning {unknown}
 j - 2 scrolls of amnesia {unknown}
 n - a scroll of torment {unknown}
 p - a scroll of fear {unknown}
 r - a scroll of enchant weapon {unknown}
Potions
 e - 4 potions of brilliance {unknown}
 h - a potion of berserk rage {unknown}
 i - 2 potions of curing
 l - a potion of attraction {unknown}


   Skills:
 + Level 3.8 Fighting
 * Level 3.9 Axes
 - Level 3.2 Armour
 - Level 3.2 Shields


You had 2 spell levels left.
You didn't know any spells.
Your spell library contained the following spells:

 Spells                   Type           Power      Damage    Failure   Level
 Cigotuvi's Dreadful Rot  Necr/Alch/Air  0%         N/A       73%         2
 Inner Flame              Hex/Fire       0%         N/A       91%         3
 Ignite Poison            Fire/Alch      0%         N/A       100%        4
 Freezing Cloud           Conj/Ice/Air   0%         6-21      100%        5
 Irradiate                Conj/Alch      0%         3d11      100%        5
 Ignition                 Fire           0%         3d3       100%        8


Dungeon Overview and Level Annotations

Branches:
Dungeon (2/15)

Altars:

Shops:
D:2 *

Annotations:
D:2 Crazy Yiuf


Innate Abilities, Weirdness & Mutations

Your spellcasting is much less encumbered by armour.
You can use scrolls of enchantment on lesser artefacts.


Message History

The hobgoblin barely misses you. The hobgoblin completely misses you.
You slash the hobgoblin!
You kill the hobgoblin!
No target in view!
You now have 102 gold pieces (gained 13).
Things that are here:
a +0 dagger; a kobold corpse
Found a hammer.
Found a runed translucent door.
Crazy Yiuf shouts!
Crazy Yiuf cries, "Millenium Xom Xom!"
Things that are here:
a +0 club; a goblin skeleton You see here a jackal skeleton.
Crazy Yiuf shouts!
You open the door.
Crazy Yiuf says, "Nubble!
Shadow arm sizzlefizz."
You hit Crazy Yiuf but do no damage.
Crazy Yiuf hits you with a +3 quarterstaff of chaos!
You are electrocuted!
* * * LOW HITPOINT WARNING * * *
You are too injured to fight recklessly!
Unknown command.
You feel very mighty all of a sudden.
Crazy Yiuf cries, "Trifle blue infinity!"
You block Crazy Yiuf's attack.
You slash Crazy Yiuf!
Crazy Yiuf is moderately wounded.
Crazy Yiuf hits you but does no damage. Crazy Yiuf barely misses you.
You closely miss Crazy Yiuf.
Crazy Yiuf is moderately wounded.
Crazy Yiuf closely misses you.
You barely miss Crazy Yiuf.
Crazy Yiuf is moderately wounded.
Crazy Yiuf hits you with a +3 quarterstaff of chaos!
* * * LOW HITPOINT WARNING * * *
You block Crazy Yiuf's attack.
You slash Crazy Yiuf!
Crazy Yiuf is almost dead.
Crazy Yiuf hits you with a +3 quarterstaff of chaos!
You die...

#.#.......#
#...# #.#
#.##.
#.##.#..###
#####
#.######.##.
..#.###.#
#...........
>.##.#..#
#####
########.###
..###.#.###
#)..# #.#
..........#
#...# #.###
..........#
... #...)
.##..###..##
#g# #####
##### .##..#
#...# ♣@♣♣
##...# #
###..###÷.##
♣♣.♣ #....#
#.......#
♣.♣♣ ##...#
#.##.##.#
♣♣.♣ ##.##
#.##.##.#
♣♣.♣♣ #.#
#.##.##.#
♣♣...♣ #.#
#.##.##.#
♣.P..♣
###.#####
#.......#
#....#
#.......#
####.####
##....#
#.##.##.#


You could see Crazy Yiuf.

Vanquished Creatures
  2 bats (D:1)
  5 endoplasms
  5 goblins
  4 hobgoblins
  2 jackals (D:2)
  A quokka (D:1)
  5 ball pythons
  2 frilled lizards
  3 kobolds (D:2)
  4 rats
33 creatures vanquished.

Notes
Turn   | Place    | Note
-------+----------+-------------------------------------------
     0 | D:1      | skewfiend the Mountain Dwarf Fighter began the quest for
                  | the Orb.
     0 | D:1      | Reached XP level 1. HP: 19/19 MP: 1/1
   241 | D:1      | Reached XP level 2. HP: 26/26 MP: 2/2
   439 | D:1      | Found a faded altar of an unknown god.
   619 | D:2      | Found Iza Can's General Store.
   623 | D:2      | Bought a potion of curing for 39 gold pieces
   817 | D:2      | Reached XP level 3. HP: 33/33 MP: 3/3
  1149 | D:2      | Found a runed translucent door.
  1150 | D:2      | Noticed Crazy Yiuf
  1281 | D:2      | Mangled by Crazy Yiuf

Illustrated notes

Levels and vault maps discovered:
D:1:      minmay_arrival_shoal_huts, layout_basic,
          hellmonk_ecumenical_altar_inner_sanctum
D:2:      layout_loops_cross, serial_shops, nicolae_shop_crystal, minivault_26,
          uniq_crazy_yiuf_cottage

Skill      XL: |  1 |
---------------+----+-----
Axes           | 3 |  3.9
Fighting       | |  3.8
Armour         | |  3.2
Shields        | |  3.2

Action                     || total
---------------------------++-------
  Melee: War axe           ||    88
    Use: Potion            ||     1
 Armour: Scale mail        ||    54
  Dodge: Dodged            ||    38
  Block: Buckler           ||    18

Table legend: (Time is in decaauts)
 A = Elapsed time spent in this place.
 B = Non-inter-level travel time spent in this place.
 C = Inter-level travel time spent in this place.
 D = Time resting spent in this place.
 E = Time spent auto-exploring this place.
 F = Levels seen in this place.
 G = Mean time per level.
                   A        B        C        D        E       F      G
               +--------+--------+--------+--------+--------+-----+--------+
         Total |   1313 |   1256 |     57 |      0 |   1010 |   2 |  656.5 |
       Dungeon |   1313 |   1256 |     57 |      0 |   1010 |   2 |  656.5 |
               +--------+--------+--------+--------+--------+-----+--------+

Top non-repeatable levels by time:
     D:2: 752 daAuts
     D:1: 560 daAuts
